 Dungeon Crawl Stone Soup version 0.31.0-11-ge490571c62 (webtiles) character file.

Game seed: 17107858949667342749

80 qw the Shooter (level 4, -2/22 HPs)
             Began as a Spriggan Hunter on Feb 3, 2024.
             Slain by an iguana (13 damage)
             ... on level 2 of the Dungeon.
             The game lasted 00:00:06 (1188 turns).

qw the Shooter (Spriggan Hunter)                    Turns: 1188, Time: 00:00:06

Health: -2/22      AC:  2    Str:  7    XL:     4   Next: 18%
Magic:  5/5        EV: 19    Int: 10    God:
Gold:   99         SH:  0    Dex: 20    Spells: 3/3 levels left

rFire   . . .        a - +0 shortbow
rCold   . . .        (shield currently unavailable)
rNeg    . . .        c - +0 robe
rPois   .            (helmet restricted)
rElec   .            (no cloak)
rCorr   .            (gloves unavailable)
SInv    +            (boots unavailable)
Will    .....        (no amulet)
Stlth   ++           (no ring)
HPRegen 0.23/turn    (no ring)
MPRegen 0.09/turn

%: no passive effects
@: very quick
A: very small, no large weapons, unfitting armour, see invisible, speed 3
a: no special abilities


You were on level 2 of the Dungeon.
You visited 1 branch of the dungeon, and saw 2 of its levels.

You collected 99 gold pieces.


Innate Abilities, Weirdness & Mutations

You are very small and have problems with some larger weapons.
You are too small for most types of armour.
You have supernaturally acute eyesight. (SInv)
You cover ground extremely quickly. (Speed+++)


   Skills:
 - Level 1.5 Fighting
 - Level 5.0 Ranged Weapons
 + Level 4.5 Dodging
 - Level 1.5 Stealth


You had 3 spell levels left.
You didn't know any spells.
Your spell library was empty.

Inventory:

Hand Weapons
 a - a +0 shortbow (weapon)
Armour
 c - a +0 robe (worn)
Scrolls
 d - a scroll of identify
 h - a scroll of fear {unknown}
 i - a scroll of teleportation {unknown}
 k - a scroll of enchant armour {unknown}
 m - a scroll of revelation {unknown}
Potions
 b - a potion of resistance {unknown}
 e - 2 potions of cancellation {unknown}
 f - a potion of mutation
 g - a potion of attraction {unknown}
 j - a potion of curing
 l - a potion of haste {unknown}

Dungeon Overview and Level Annotations

Branches:
Dungeon (2/15)

Altars:


Message History

An iguana comes into view.
You shoot an arrow.
The arrow hits the iguana but does no damage.
You shoot an arrow.
The arrow hits the iguana but does no damage.
The iguana barely misses you.
You shoot an arrow. The arrow hits the iguana.
The iguana is lightly wounded.
The iguana misses you.
You shoot an arrow. The arrow hits the iguana.
The iguana is moderately wounded.
The iguana misses you.
You shoot an arrow. The arrow barely misses the iguana.
The iguana closely misses you. The iguana completely misses you.
You shoot an arrow. The arrow hits the iguana.
The iguana is heavily wounded.
The iguana barely misses you.
You shoot an arrow.
The arrow hits the iguana but does no damage.
The iguana is heavily wounded.
The iguana closely misses you.
You shoot an arrow. The arrow hits the iguana.
The iguana is severely wounded.
The iguana closely misses you.
You shoot an arrow.
The arrow hits the iguana but does no damage.
The iguana is severely wounded.
The iguana misses you.
You shoot an arrow. The arrow hits the iguana.
The iguana is almost dead.
The iguana barely misses you.
You shoot an arrow. The arrow barely misses the iguana.
The iguana misses you. The iguana bites you!
Ouch! That really hurt!
You shoot an arrow.
The arrow hits the iguana but does no damage.
The iguana is almost dead.
The iguana bites you!
Ouch! That really hurt!
You die...

.##.#...#.# ....#.
......... . .....
.......... .. .....
......... 7.7...#.
.P#...... ..... .7
P......# 7.)P .7777
77P......
#..l777P7.777.....#.#
#P@P7.PPP...#...#.#
...##..P.P.........#.#
............#...#.#.#.#
.#..##......#...#.#.#.#
#. #......#...#......
+......#....##.#.#
#......#....##.###
########........#
#........#


You could see an iguana.

Vanquished Creatures
  2 adders (D:2)
  2 dart slugs (D:1)
  A ribbon worm (D:2)
  5 ball pythons
  8 endoplasms
  4 giant cockroaches
  8 goblins
  2 hobgoblins (D:2)
  6 bats
  3 frilled lizards
  2 kobolds (D:1)
  8 rats
51 creatures vanquished.

Notes
Turn   | Place    | Note
-------+----------+-------------------------------------------
     0 | D:1      | qw the Spriggan Hunter began the quest for the Orb.
     0 | D:1      | Reached XP level 1. HP: 10/10 MP: 2/2
     0 | D:1      | 0 ||| qw: Version: 0.3-a-158-g18b3111
     0 | D:1      | 0 ||| qw: Game counter: 4272
     0 | D:1      | 0 ||| qw: Melee chars always use a shield: true
     0 | D:1      | 0 ||| qw: God list: Okawaru
     0 | D:1      | 0 ||| qw: Allow faded altars: false
     0 | D:1      | 0 ||| qw: Do Orc after clearing Dungeon:15 true
     0 | D:1      | 0 ||| qw: Do second Lair branch before Depths: true
     0 | D:1      | 0 ||| qw: Lair rune preference: random
     0 | D:1      | 0 ||| qw: Goals: Normal
     0 | D:1      | 0 ||| PLANNING D:1-11
    76 | D:1      | Reached skill level 3 in Dodging
   131 | D:1      | Reached XP level 2. HP: 14/14 MP: 3/3
   367 | D:1      | Reached XP level 3. HP: 18/18 MP: 4/4
   510 | D:1      | 510 ||| READING scroll labelled CASCHA OGROICH.
   611 | D:1      | 611 ||| READING scroll labelled JYUBOG UTZIPANT.
   611 | D:1      | 611 ||| IDENTIFYING glowing blue potion
   612 | D:1      | 612 ||| DRINKING 2 lumpy clear potions.
   613 | D:1      | 613 ||| DRINKING fuming red potion.
   614 | D:1      | 614 ||| DROPPING scroll of butterflies.
   615 | D:1      | 615 ||| DROPPING potion of ambrosia.
   845 | D:2      | Reached skill level 5 in Ranged Weapons
   852 | D:2      | Reached XP level 4. HP: 15/22 MP: 5/5
  1188 | D:2      | Slain by an iguana

Levels and vault maps discovered:
D:1:      orjb1_lava_funnel, layout_basic, minmay_box_of_dots
D:2:      layout_basic, serial_forest, infiniplex_forest_clump_tiny,
          infiniplex_forest_clump_long, infiniplex_forest_clump_medium,
          infiniplex_forest_clump_cross, infiniplex_forest_lined_3,
          minmay_joined_circles

Skill      XL: |  1  2  3 |
---------------+----------+-----
Dodging        | 3 4 |  4.5
Ranged Weapons | 5 |  5.0
Fighting       | |  1.5
Stealth        | |  1.5

Action                     |  1- 3 |  4- 6 || total
---------------------------+-------+-------++-------
   Fire: Shortbow          |   110 |    28 ||   138
    Use: Scroll            |     2 |       ||     2
         Potion            |     2 |       ||     2
 Armour: Robe              |    11 |     5 ||    16
  Dodge: Dodged            |    32 |    14 ||    46

Table legend:
 A = Non-vault XP
 B = Vault XP
 C = Vault XP percentage of total XP
 D = Non-vault monster count
 E = Vault monster count
 F = Vault count percentage of total count
                 A         B        C        D         E       F
            +---------+---------+-------+---------+---------+-------
      Total |      75 |      40 |  34.8 |      36 |      15 |  29.4
            +---------+---------+-------+---------+---------+-------
        D:1 |      44 |      10 |  18.5 |      25 |       5 |  16.7
        D:2 |      31 |      30 |  49.2 |      11 |      10 |  47.6
            +---------+---------+-------+---------+---------+-------
